cohdb
Replays
Latest Replays
All Replays
Popular Replays
Top Player Replays
Match Explorer
How It Works
Community
CoH3 Stats
Reddit
Sign in to upload your games and track your stats! →
Sign in with Steam
Match 46294270
Unlisted
Match 46294270
Overview
Messages
Build Orders
End
Engineer Squad
Construct Weapon Support Center
M1919 Machine Gun Team
Selects Advanced Infantry Battlegroup
Scout Squad
Sniper
Construct Medical Station
Scout Squad
Selects Artillery Observers
Infantry Support Center
Sniper
Sniper
Construct Motor Pool
M1 Anti-tank Gun Team
Captain Retinue
Bazooka Squad
Selects M2A1 105mm Howitzer Emplacement
Selects Free Fire Drills
M1919 Machine Gun Team
Bazooka Squad
Selects Convert to Ranger Squad
Selects Frontline Medical Station
Bazooka Squad
M24 Chaffee Light Tank
Advanced Logistics
Survival Training
.30 cal Machine Gun
Selects Infantry Assault
Improved M9 Bazooka Rockets
Infantry Assault
.30 cal Machine Gun
Brick_man
고개숙인벼
0
0
Comments
sign in to comment!
No comments posted yet!